Horse, chaotic female human Monk ----------- ----------- ----------- ----------- |.....`...| |.........| |..........# |.........| |.......... |.........| |.........|#######..........| |.......<.| |...>......###### |.........| |.........| |....%....| |......(..| # |.........| |.........| |.........| ..........| ##-.........| |.........| ----.------ ---.------- ----------- ----------- # # # # ## #) ---.------- ----)--.--- ----------- ----------- |.........| #....).)...| |.........| ##-.........| |.........| ###|.........| #..........| # |.........| |.........| # |...)..uf`| ###|....%....%%##### |%).......| |..........##### |.....G.@.| # |.........| |....(.\..| |.........| |.........-##### |.........| |.........| ----------- ---+------- ----------- ----------- Horse the Initiate Experience level: 9 Strength: 15 Dexterity: 14 Constitution: 12 Intelligence: 12 Wisdom: 15 Charisma: 8 Health: 0(65) Energy: 42(42) AC: 4 Gold: 0 Moves: 4029 Your Inventory: Amulets y - an [uncursed] octagonal amulet [of reflection] Armor a - an uncursed +2 pair of leather gloves (being worn) x - an [uncursed +0] orcish helm W - an uncursed +1 robe (being worn) Comestibles T - an [uncursed] lizard corpse Scrolls w - an [uncursed] scroll labeled ABRA KA DABRA [of create monster] O - a [blessed] scroll of teleportation Potions u - a [cursed] black potion [of object detection] v - an [uncursed] orange potion [of gain level] Wands C - a [cursed] wand of cold [0:3] G - a [cursed] wand of magic missile [0:5] H - a [cursed] wand of polymorph [0:5] Tools b - an [uncursed] bag called holding [of holding] Gems z - an [uncursed] red gem [worthless glass] Contents of the bag of holding: 1608 gold pieces an [uncursed +0] mummy wrapping an [uncursed +0] orcish helm an [uncursed] cream pie 3 [uncursed stale] eggs 2 uncursed food rations 3 uncursed fortune cookies an [uncursed] lizard corpse 4 uncursed oranges an [uncursed] pancake 2 [uncursed] slime molds an [uncursed] scroll called earth [of earth] a [cursed] scroll called earth [of earth] an [uncursed] scroll labeled ANDOVA BEGARIN [of food detection] 3 uncursed scrolls of identify a [cursed] black potion [of object detection] a [cursed] soapy potion [of extra healing] an [uncursed +0] pick-axe Spells known in the end: Name Level Category Fail Memory a - sleep 1 enchantment 0% [|||||||.] Your skills at the end: Fighting Skills martial arts [Skilled / Grand Master] Weapon Skills Spellcasting Skills healing spells [Basic / Expert] enchantment spells [Basic / Basic] Final Attributes: You were piously aligned. Hunger level was 669. Your alignment was 30 / 30. Monster difficulty range was 0 - 7. Level difficulty was 5. You were immune to sleep. You were immune to poison. You saw invisible. You were warned. You had automatic searching. You were stealthy. You were fast. Your luck was zero. You are dead. Vanquished creatures: a ghost an elf mummy a crocodile a giant beetle 4 winter wolf cubs 6 leprechauns an orc-captain an owlbear 2 lizards a dingo a housecat 2 dwarf lords a snake an ape 14 bugbears an imp a wood nymph 2 water nymphs 2 rock piercers a pony a fog cloud a yellow light a gnome lord a gnomish wizard a gray ooze a barrow wight a dwarf a hill orc 12 rothes a centipede a giant bat a werejackal an iguana 6 killer bees an acid blob a hobbit 2 manes 5 large kobolds 11 hobgoblins 2 giant rats a cave spider a yellow mold a red mold 3 gnomes 2 geckos 2 foxes 2 kobolds 4 goblins 5 sewer rats 3 grid bugs a lichen 2 kobold zombies 124 creatures vanquished. Voluntary challenges: You followed a strict vegan diet. You never hit with a wielded weapon. You read items or engraved 13 times. You put on armor 4 times. You never genocided any monsters. You never polymorphed an object. You never changed form. You used no wishes. You wrote Elbereth's name 9 times. You encountered 1 bones level. You used 2 Sokoban shortcuts. Dungeon overview: The Dungeons of Doom: levels 1 to 9 Level 1 a fountain a long staircase Level 2 some fountains Level 3 stairs to The Gnomish Mines Level 4 a fountain Level 5 <- You were here a throne Level 6 (bones, pup and kitten) a fountain Level 7 some fountains Level 8 (chest, leperchauns) stairs to Sokoban Level 9 stairs to Town The Gnomish Mines: Level 4 stairs to The Dungeons of Doom Sokoban: levels 6 to 7 Level 7 stairs to The Dungeons of Doom Town: Level 8 stairs to The Dungeons of Doom History has recorded: On T:1 you entered the Dungeons of Doom to retrieve the Amulet of Yendor! On T:61 you reached level 2 of The Dungeons of Doom. On T:331 you reached level 3 of The Dungeons of Doom. On T:405 you advanced to experience level 2. On T:513 you advanced to experience level 3. On T:516 you reached level 4 of The Dungeons of Doom. On T:587 you reached level 1 of The Gnomish Mines. On T:827 you reached level 5 of The Dungeons of Doom. On T:859 you advanced to experience level 4. On T:1079 you reached level 6 of The Dungeons of Doom. On T:1147 you advanced to experience level 5. On T:1160 you advanced to experience level 6. On T:1289 you reached level 7 of The Dungeons of Doom. On T:1471 you advanced to experience level 7. On T:1902 you advanced to experience level 8. On T:2038 you reached level 8 of The Dungeons of Doom. On T:2066 you reached level 3 of Sokoban. On T:2571 you reached level 2 of Sokoban. On T:3299 you advanced to experience level 9. On T:3319 you reached level 9 of The Dungeons of Doom. On T:3608 you reached level 3 of Town. Latest messages: The gnome lord hits! [HP-9=17] [HP+1=18] The gnome lord picks up a dagger. You find a secret door. [HP+1=19] The gnome lord picks up a cursed curved sword. (2x) The white unicorn picks up 21 rocks. The gnome lord picks up a dart. [HP+1=20] The gnome lord picks up 11 darts. You hear some noises in the distance. [HP+1=21] The gnome lord picks up a curved sword. [HP+1=22] You see here 10 darts. The white unicorn butts! The white unicorn kicks! The gnome lord throws a dagger! You are hit by a dagger. You hear the howling of the CwnAnnwn... The white unicorn misses. The white unicorn kicks! You die... Final status: Punardarsanaya Horse the Monk... You died in The Dungeons of Doom on dungeon level 5 with 7228 points, and 1608 pieces of gold, after 4029 moves. You were level 9 with a maximum of 65 hit points when you died.